 Dungeon Crawl Stone Soup version 0.28-a0-97-g102d6777a4 (webtiles) character file.

Game seed: 181033589073614749

31644 CryoSword the Warrior (level 13, -4/149 HPs)
             Began as an Ogre Berserker on July 30, 2021.
             Was a High Priest of Trog.
             Slain by Sonja (22 damage)
             ... on level 2 of the Lair of Beasts on Aug 9, 2021.
             The game lasted 00:50:53 (23360 turns).

CryoSword the Warrior (Ogre Berserker)             Turns: 23360, Time: 00:50:53

Health: -4/149     AC: 13    Str: 24    XL:     13   Next: 59%
Magic:  13/13      EV:  9    Int:  8    God:    Trog [*****.]
Gold:   934        SH:  0    Dex: 12    Spells: 12/12 levels left

rFire   . . .      SeeInvis .   w - +5 giant spiked club (flame)
rCold   + + .      Faith    .   (shield currently unavailable)
rNeg    . . .      Spirit   .   p - +0 ice dragon scales
rPois   +          Reflect  .   y - +0 hat
rElec   .          Harm     .   (no cloak)
rCorr   .          Rampage  .   (gloves unavailable)
Will    +....                   (boots unavailable)
Stlth   ..........              (no amulet)
HPRegen 0.34/turn               q - ring of poison resistance
MPRegen 0.13/turn               a - ring of protection from fire

@: slowed, very slow
A: large, unfitting armour, tough skin 1
a: Renounce Religion, Berserk, Trog's Hand, Brothers in Arms


You were on level 2 of the Lair of Beasts.
You worshipped Trog.
Trog was extremely pleased with you.
You visited 2 branches of the dungeon, and saw 14 of its levels.

You collected 934 gold pieces.

Inventory:

Hand Weapons
 l - a +2 scimitar of flaming
   (You took it off Erica on level 2 of the Lair of Beasts)
 w - a +5 giant spiked club of flaming (weapon)
   (You took it off a two-headed ogre on level 11 of the Dungeon)
Missiles
 i - 122 poisoned darts (quivered)
 t - 15 boomerangs
Armour
 p - +0 ice dragon scales (worn)
   (You found it on level 6 of the Dungeon)
 y - a +0 hat (worn)
   (You took it off Gastronok on level 2 of the Lair of Beasts)
Jewellery
 a - a ring of protection from fire (right hand)
   (You found it on level 5 of the Dungeon)
 q - a ring of poison resistance (left hand)
   (You found it on level 9 of the Dungeon)
 C - a +6 ring of dexterity
   (You found it on level 9 of the Dungeon)
Wands
 r - a wand of digging (12)
   (You took it off Natasha on level 4 of the Dungeon)
 v - a wand of iceblast (10)
   (You found it on level 8 of the Dungeon)
 x - a wand of acid (9)
   (You found it on level 8 of the Dungeon)
Scrolls
 c - 4 scrolls of identify {@r1}
 f - 6 scrolls of teleportation {@r4}
 h - 2 scrolls of immolation {!r}
 j - a scroll of holy word
 m - a scroll of brand weapon
 s - 2 scrolls of magic mapping
Potions
 b - a potion of lignification {!q}
 d - a potion of invisibility
 e - 3 potions of might
 g - 3 potions of heal wounds {@q2}
 k - a potion of flight
 n - 5 potions of magic
 o - 10 potions of ambrosia
 u - 4 potions of curing {@q1}
 A - a potion of cancellation


   Skills:
 + Level 15.0 Fighting
 * Level 14.7 Maces & Flails
 - Level 8.3 Armour
 - Level 5.0 Dodging


You had 12 spell levels left.
You didn't know any spells.
Your spell library was empty.

Dungeon Overview and Level Annotations

Branches:
Dungeon (12/15)            Temple (0/1) D:6            Lair (2/6) D:9
 Spider (0/4) Lair:2          Orc (0/2) D:9
  Swamp: Lair:2-4    Shoals: Lair:2-4

Altars:
Dithmenos
Beogh
Jiyva
Lugonu

Portals:
Abyss: D:7

Annotations:
D:10 2 transporters
Lair:2 1 runed translucent door, Sonja; anet's ghost, journeyman GnDe


Innate Abilities, Weirdness & Mutations

You are too large for most types of armour.
You have tough skin. (AC +1)


Message History

You kill the killer bee!
Trog accepts your kill.
The killer bee stings you but does no damage.
You miss the killer bee. The killer bee closely misses you.
The killer bee barely misses you.
A killer bee comes into view.
You beat the killer bee like a drum!!!
You burn the killer bee.
You kill the killer bee!
Trog accepts your kill.
A queen bee comes into view.
You see here a killer bee corpse.
You miss the killer bee.
The queen bee buzzes angrily.
The killer bee stings you but does no damage. x3
You closely miss the killer bee.
A killer bee comes into view.
The killer bee completely misses you. The killer bee stings you!
The killer bee moves out of view.
You miss the killer bee.
The killer bee stings you but does no damage.
A killer bee comes into view.
The killer bee barely misses you.
The killer bee moves out of view.
The killer bee buzzes angrily.
You impale the killer bee!! You burn the killer bee!
You kill the killer bee!
Trog accepts your kill.
You hear an angry buzzing noise.
The killer bee stings you but does no damage.
The killer bee barely misses you.
You impale the killer bee!! You burn the killer bee.
You kill the killer bee!
Trog accepts your kill.
You barely miss the queen bee. The queen bee barely misses you.
You stick the queen bee like a pincushion!!!
You burn the queen bee!!
You kill the queen bee!
Trog accepts your kill.
Your Fighting skill increases to level 15!
Found 22 stones.
You see here a queen bee corpse.
The killer bee buzzes angrily. x2
The killer bee barely misses you.
Found 2 potions of ambrosia, two yak corpses and 24 arrows.
You miss the killer bee. The killer bee barely misses you. x2
You impale the killer bee!! You burn the killer bee.
You kill the killer bee!
Trog accepts your kill.
You miss the killer bee.
The killer bee stings you but does no damage.
The killer bee stings you.
You miss the killer bee.
The killer bee stings you but does no damage.
The killer bee closely misses you. The killer bee barely misses you.
You barely miss the killer bee. The killer bee barely misses you.
The killer bee misses you.
You bludgeon the killer bee!! You burn the killer bee.
You kill the killer bee!
Trog accepts your kill.
Found two yak corpses and 4 potions of ambrosia.
There is an open door here.
Things that are here:
a killer bee corpse; a killer bee corpse
o - 5 potions of ambrosia (gained 1)
o - 6 potions of ambrosia (gained 1)
o - 7 potions of ambrosia (gained 1)
o - 8 potions of ambrosia (gained 1)
You see here a yak corpse.
o - 10 potions of ambrosia (gained 2) Sonja shouts!
There is an open door here.
Sonja is nearby!
Sonja is nearby!
Sonja is nearby!
Sonja throws a curare-tipped dart.
The curare-tipped dart barely misses you.
Sonja casts a spell.
Sonja blinks!
Sonja gestures wildly while chanting.
Sonja blinks!
Sonja mumbles some strange words.
Sonja blinks!
Sonja mumbles some strange words.
Sonja blinks!
You see here a throwing net.
z - a throwing net Throw: throwing net
Aim: Sonja, wielding a +2 dagger of distortion and quivering curare-tipped darts (21% to hit)
You throw a throwing net. The throwing net misses Sonja.
Okay, then.
Sonja casts a spell.
Sonja blinks!
Sonja throws a curare-tipped dart.
The curare-tipped dart completely misses you.
Throw: 123 darts (poison)
Aim: Sonja, wielding a +2 dagger of distortion and quivering curare-tipped darts (21% to hit)
You throw a poisoned dart. The poisoned dart closely misses Sonja.
You barely miss Sonja.
Sonja hits you with a +2 dagger of distortion.
Space warps horribly around you! Sonja hits you but does no damage.
You blink.
Sonja plants her feet in a plie.
Sonja casts a spell.
Sonja blinks!
Sonja casts a spell.
Sonja blinks!
Sonja throws a curare-tipped dart.
The curare-tipped dart hits you.
You have difficulty breathing.
You feel yourself slow down.
You barely miss Sonja.
Sonja mumbles some strange words.
Sonja blinks!
Sonja mumbles some strange words.
Sonja blinks!
Sonja gestures wildly while chanting.
Sonja blinks!
Sonja throws a curare-tipped dart.
The curare-tipped dart hits you.
Sonja throws a curare-tipped dart.
The curare-tipped dart hits you. Sonja barely misses you.
Sonja hits you but does no damage. Space warps horribly around you!!
Sonja hits you but does no damage. Space warps horribly around you!
Sonja hits you but does no damage. Space bends around you.
Sonja hits you with a +2 dagger of distortion.
Space warps horribly around you!
* * * LOW HITPOINT WARNING * * *
Sonja hits you but does no damage. Space warps horribly around you!
* * * LOW HITPOINT WARNING * * *
There is a stone staircase leading up here.
You closely miss Sonja. Sonja closely misses you. Sonja completely misses you.
Sonja hits you with a +2 dagger of distortion.
* * * LOW HITPOINT WARNING * * *
You blink.
Sonja casts a spell.
Sonja blinks!
Sonja throws a curare-tipped dart.
The curare-tipped dart hits you.
Sonja hits you with a +2 dagger of distortion.
* * * LOW HITPOINT WARNING * * *
Space warps horribly around you!
* * * LOW HITPOINT WARNING * * *
Sonja hits you but does no damage. Space warps horribly around you!
* * * LOW HITPOINT WARNING * * *
Sonja hits you but does no damage. Space warps horribly around you!
* * * LOW HITPOINT WARNING * * *
Sonja hits you but does no damage. Space warps horribly around you!!
You die...

..#........#####.P.#'### #..#
.###.# #...#....(.....# ##.#
.#...#.##...#..^.......# #..
..#....#...............# ##.
....>..................## #.
.##...#..........[...<..# #† .#
#........P..........## ##.
####..###...'....K......# #.†
..#.......##....@......## #..
..........####.#...##### ##†
...######## ####..##### ## ...#
####.#'#.#.# ####### .###
#<........### #†..... .#
#.........'.###...... ##
########.........#..#.......
######.##.#..............#..†..††
............'.........#..#.......


You could see Sonja.

Vanquished Creatures
  Gastronok (Lair:2)
  A boulder beetle (D:11)
  3 hydras
  Erica (Lair:2)
  Erolcha (D:11)
  2 two-headed ogres (D:11)
  2 cyclopes
  2 elephants
  2 black mambas (Lair:2)
  5 cane toads
  A kobold demonologist (D:11)
  An unseen horror (D:11)
  A rime drake (Lair:2)
  3 komodo dragons
  The ghost of wpisznazwe the Ducker, a novice TeGl (D:4)
  A demonic crawler (Lair:2)
  A polar bear (Lair:1)
  A queen bee (Lair:2)
  2 trolls (D:12)
  Prince Ribbit (D:5)
  5 blink frogs (Lair:1)
  10 slime creatures
  2 hornets
  6 dream sheep (Lair:2)
  A centaur simulacrum (D:12)
  3 wraiths
  A shadow (D:11)
  21 yaks
  2 basilisks
  16 vampire mosquitoes
  Grum (D:9)
  Menkaure (D:5)
  10 water moccasins
  An ice beast (D:5)
  5 orc warriors
  A sky beast (D:8)
  3 black bears
  An ogre (D:8)
  7 wolves
  2 phantoms
  7 centaurs
  A kobold brigand (D:10)
  6 bullfrogs
  2 gnoll sergeants
  A water moccasin zombie (D:7)
  9 scorpions
  A water moccasin skeleton (D:5)
  27 killer bees
  13 wights
  A howler monkey (D:9)
  3 electric eels (Lair:1)
  A bullfrog zombie (D:6)
  2 centaur zombies
  3 hounds
  7 orc priests
  Jessica (D:3)
  An iguana (D:5)
  Ijyb (D:3)
  Natasha (thrice) (D:4)
  8 orc wizards
  A hound skeleton (D:4)
  2 howler monkey zombies
  4 adders
  13 gnolls
  3 ufetubi
  5 worms
  A dart slug (D:4)
  50 orcs
  6 ball pythons
  4 bats
  3 endoplasms
  3 giant cockroaches
  7 goblins
  6 hobgoblins
  8 jackals (D:1)
  9 kobolds
  5 quokkas
  10 frilled lizards
  A quokka skeleton (D:4)
  5 rats
376 creatures vanquished.

Vanquished Creatures (others)
  43 fungi
  2 lurking horrors (D:7)
  77 plants
122 creatures vanquished.

Grand Total: 498 creatures vanquished

Notes
Turn   | Place    | Note
-------+----------+-------------------------------------------
     0 | D:1      | CryoSword the Ogre Berserker began the quest for the Orb.
     0 | D:1      | Reached XP level 1. HP: 24/24 MP: 1/1
   415 | D:1      | Reached XP level 2. HP: 32/32 MP: 2/2
   848 | D:1      | Reached XP level 3. HP: 38/40 MP: 3/3
  1061 | D:1      | Found a faded altar of an unknown god.
  1315 | D:2      | Reached ** piety under Trog
  1837 | D:3      | Noticed Ijyb
  1844 | D:3      | Killed Ijyb
  1845 | D:3      | Reached XP level 4. HP: 49/49 MP: 4/4
  2225 | D:3      | Noticed Jessica
  2237 | D:3      | Killed Jessica
  2238 | D:3      | Reached skill level 5 in Fighting
  2238 | D:3      | Reached XP level 5. HP: 43/57 MP: 5/5
  3237 | D:4      | Reached XP level 6. HP: 66/66 MP: 6/6
  3383 | D:4      | Found a transporter.
  3383 | D:4      | Noticed wpisznazwe's ghost (novice TeGl)
  3388 | D:4      | Found a transporter.
  3390 | D:4      | Noticed Natasha
  3409 | D:4      | Killed Natasha
  3410 | D:4      | Reached skill level 5 in Maces & Flails
  3721 | D:4      | Reached skill level 6 in Fighting
  3721 | D:4      | Reached XP level 7. HP: 66/75 MP: 7/7
  4092 | D:5      | Entered Level 5 of the Dungeon
  4548 | D:5      | Found a shadowy altar of Dithmenos.
  4553 | D:5      | Noticed Prince Ribbit
  4562 | D:4      | Noticed Natasha
  4565 | D:4      | Killed Natasha
  4595 | D:4      | Found a transporter.
  4717 | D:4      | Noticed Natasha
  4731 | D:4      | Killed Natasha
  5154 | D:4      | Killed wpisznazwe's ghost
  5155 | D:4      | Reached skill level 7 in Fighting
  5155 | D:4      | Reached skill level 5 in Dodging
  5155 | D:4      | Reached XP level 8. HP: 73/87 MP: 8/8
  5259 | D:5      | Killed Prince Ribbit
  5260 | D:5      | Reached skill level 1 in Armour
  5687 | D:5      | Noticed Menkaure
  5689 | D:5      | Killed Menkaure
  5690 | D:5      | Reached skill level 8 in Fighting
  6037 | D:5      | Reached XP level 9. HP: 52/97 MP: 9/9
  6687 | D:6      | Found a staircase to the Ecumenical Temple.
  7096 | D:6      | Reached skill level 9 in Fighting
  7983 | D:7      | Found a corrupted altar of Lugonu.
  7983 | D:7      | Found a one-way gate to the infinite horrors of the Abyss.
  9560 | D:8      | Reached XP level 10. HP: 110/110 MP: 10/10
 10250 | D:9      | Reached skill level 10 in Fighting
 10374 | D:9      | Noticed Grum
 10603 | D:9      | Reached skill level 10 in Maces & Flails
 10739 | D:9      | Found a staircase to the Lair.
 11080 | D:9      | Reached skill level 5 in Armour
 11496 | D:8      | Reached skill level 11 in Fighting
 11902 | D:9      | Killed Grum
 12352 | D:9      | Identified the +9 rapier "Olleo" {freeze, rF+ Will+}
 12553 | D:9      | Found a staircase to the Orcish Mines.
 12640 | D:9      | Reached *** piety under Trog
 12643 | D:9      | Reached XP level 11. HP: 120/120 MP: 11/11
 12957 | D:9      | Upgraded the game from 0.28-a0-57-g271197699b to
                  | 0.28-a0-97-g102d6777a4
 12999 | D:10     | Entered Level 10 of the Dungeon
 14108 | D:10     | Found a transporter.
 14108 | D:10     | Noticed a great orb of eyes
 14110 | D:10     | Found a transporter.
 14110 | D:10     | Found a viscous altar of Jiyva.
 14113 | D:10     | Found the ring of the Octopus King
 14300 | D:10     | Reached **** piety under Trog
 14471 | D:10     | Paralysed by a hornet for 3 turns
 14867 | D:11     | Reached skill level 12 in Fighting
 15168 | D:11     | Noticed a two-headed ogre
 15174 | D:11     | Killed a two-headed ogre
 15198 | D:11     | Noticed a six-headed hydra
 15198 | D:11     | Noticed a boulder beetle
 15219 | D:10     | Killed a six-headed hydra
 15845 | D:12     | Noticed a cyclops
 15892 | D:12     | Noticed Erolcha
 16007 | D:12     | Noticed a cyclops
 16585 | D:11     | Killed a boulder beetle
 16586 | D:11     | Reached XP level 12. HP: 133/133 MP: 12/12
 16886 | D:11     | Killed Erolcha
 17567 | D:12     | Noticed a two-headed ogre
 17786 | D:11     | Killed a two-headed ogre
 17787 | D:11     | Reached skill level 13 in Fighting
 18637 | D:12     | Noticed a two-headed ogre
 19089 | Lair:1   | Entered Level 1 of the Lair of Beasts
 19991 | Lair:1   | Noticed a six-headed hydra
 20010 | Lair:1   | Killed a six-headed hydra
 20533 | Lair:1   | Reached XP level 13. HP: 145/145 MP: 13/13
 20809 | Lair:1   | Reached skill level 14 in Fighting
 21631 | Lair:2   | Noticed Sonja
 21850 | Lair:2   | Found a hole to the Spider Nest.
 21850 | Lair:2   | Noticed Erica
 21898 | Lair:2   | Killed Erica
 22116 | Lair:2   | Noticed Gastronok
 22120 | Lair:2   | Killed Gastronok
 22871 | Lair:2   | Reached ***** piety under Trog
 23207 | Lair:2   | Found a runed translucent door.
 23207 | Lair:2   | Noticed anet's ghost (journeyman GnDe)
 23296 | Lair:2   | Reached skill level 15 in Fighting
 23360 | Lair:2   | Slain by Sonja

Illustrated notes

Levels and vault maps discovered:
D:1:      dpeg_arrival_arbitrary_a, layout_basic,
          dreamdust_ecumenical_altar_angels_and_demons
D:2:      layout_rooms
D:3:      layout_basic, kennysheep_jessica_study, uniq_ijyb
D:4:      layout_loops_ring, gammafunk_ghost_arena, uniq_natasha
D:5:      layout_loops_ring, overflow_temple_1_default,
          kennysheep_generic_room_12, uniq_menkaure, uniq_prince_ribbit1
D:6:      layout_rooms, minmay_temple_entry_antechambers
D:7:      layout_cave_pools, amcnicky_altar_lugonu_corruption
D:8:      layout_gridville, grunt_ogre_cave, chequers_decorated_corner
D:9:      layout_loops_ring, due_lair_maze_entry_diamond, orc_0_dummy,
          special_room [special_room_orc], uniq_grum
D:10:     gammafunk_jiyva_shrine, layout_stronghold
D:11:     layout_basic
D:12:     layout_rooms, uniq_erolcha
Lair:1:   layout_cave_pods, serial_bayou, serial_bayou_pond_e,
          serial_bayou_lake_a, serial_bayou_shore_a, serial_bayou_pond_d,
          serial_bayou_pond_b
Lair:2:   layout_roguey [special_room_bee], nicolae_spider_entry_non_spiders,
          gammafunk_ghost_grave, uniq_sonja, uniq_erica, uniq_gastronok

Skill      XL: |  1  2  3  4  5  6  7  8  9 10 11 12 13 |
---------------+----------------------------------------+-----
Maces & Flails | 3 4 5 6 7 9 10 12 13 14 | 14.7
Dodging        | 3 4 5 |  5.0
Fighting       | 5 6 7 8 9 11 12 13 15 | 15.0
Armour         | 2 4 5 6 8 |  8.3

Action                   |  1- 3 |  4- 6 |  7- 9 | 10-12 | 13-15 || total
-------------------------+-------+-------+-------+-------+-------++-------
Melee: Mace              |   118 |   176 |       |       |       ||   294
       Flail             |       |    22 |    62 |       |       ||    84
       Great mace        |       |       |   187 |   396 |       ||   583
       Giant spiked club |       |       |       |   133 |   167 ||   300
       Giant club        |       |       |       |    17 |       ||    17
Throw: Dart              |       |       |    15 |    25 |     7 ||    47
       Boomerang         |       |       |       |     5 |       ||     5
       Throwing net      |       |       |       |       |     2 ||     2
Invok: Berserk           |     6 |     7 |    12 |    21 |     9 ||    55
       Trog's Hand       |     1 |     4 |    10 |    14 |     1 ||    30
Evoke: Wand              |       |       |       |     2 |       ||     2
  Use: Scroll            |       |       |     9 |    17 |     2 ||    28
Armor: Animal skin       |    45 |    17 |       |       |       ||    62
       Robe              |       |    56 |    72 |       |       ||   128
       Ice dragon scales |       |       |   101 |   358 |   111 ||   570
Dodge: Dodged            |    69 |    92 |   195 |   327 |   133 ||   816

Table legend: (Time is in decaauts)
 A = Elapsed time spent in this place.
 B = Non-inter-level travel time spent in this place.
 C = Inter-level travel time spent in this place.
 D = Time resting spent in this place.
 E = Time spent auto-exploring this place.
 F = Levels seen in this place.
 G = Mean time per level.
                   A        B        C        D        E       F      G
               +--------+--------+--------+--------+--------+-----+--------+
         Total |  24219 |  23223 |    996 |   8896 |  10327 |  14 | 1729.9 |
       Dungeon |  20047 |  19360 |    687 |   7562 |   8638 |  12 | 1670.6 |
          Lair |   4172 |   3863 |    309 |   1333 |   1689 |   2 | 2086.0 |
               +--------+--------+--------+--------+--------+-----+--------+

Top non-repeatable levels by time:
    D:11: 3465 daAuts
     D:8: 3294 daAuts
  Lair:1: 2835 daAuts
    D:10: 2135 daAuts
     D:4: 2097 daAuts
     D:9: 1757 daAuts
  Lair:2: 1337 daAuts
     D:5: 1311 daAuts
     D:1: 1301 daAuts
     D:3: 1283 daAuts
     D:7: 1178 daAuts
     D:6: 990 daAuts
     D:2: 622 daAuts
    D:12: 610 daAuts
